woodfighter, neutral female scurrid Tourist ----------- -----.........| |.....`..`.`..| ----.|.|.`.-----.| |....-----@`..--`| |........W`WW....| --.|....>..--.--.| --^|--------|.||.| |?.------...|.--.-- |?..^^^^^.``+.`...| ---------.<.|.....| |...|------ ----- woodfighter the Sightseer Experience level: 5 Strength: 14 Dexterity: 9 Constitution: 14 Intelligence: 10 Wisdom: 12 Charisma: 17 Health: 0(36) Energy: 31(31) Def: 0 Gold: 1080 Moves: 2205 Dungeon seed: ezQxHRanWaDhB7AN Game ID: woodfighter_1527697275 Your Inventory: Coins $ - 1080 gold pieces Weapons a - 34 +2 darts (in quiver) z - the +0 Vorpal Blade (weapon in paw) A - 58 +1 darts B - a +0 dart Armor e - an uncursed +0 Hawaiian shirt (being worn) Comestibles c - 9 uncursed food rations d - an uncursed sprig of wolfsbane f - an uncursed banana o - 2 uncursed eggs q - an uncursed candy bar w - an uncursed pear U - 3 uncursed chestnuts Scrolls i - 4 uncursed scrolls of magic mapping t - a cursed scroll of identify u - a cursed scroll of create monster E - a cursed scroll of remove curse M - a blessed scroll of create monster N - an uncursed scroll of enchant weapon O - an uncursed scroll of scare monster V - a blessed scroll of gold detection Potions g - a blessed potion of extra healing h - an uncursed potion of extra healing k - an uncursed potion of see invisible r - an uncursed potion of oil L - 3 uncursed potions of hallucination R - 2 uncursed potions of paralysis W - an uncursed potion of booze X - a cursed potion of paralysis Rings p - an uncursed ring of conflict x - a cursed ring of teleportation Wands l - a wand of secret door detection (0:11) m - a wand of lightning (0:5) Z - a wand of enlightenment (0:12) Tools j - an expensive camera (0:94) s - a magic marker (0:43) y - an uncursed credit card I - an uncursed towel Spells and supernatural/magical abilities: Name Level Category Fail Memory W - pray for help -- divine ? -- Your skills at the end: Miscellaneous Skills wands [Basic] Weapon Skills dart [Basic] Spellcasting Skills Final Attributes: You were devoutly aligned. You had infravision. You were very stealthy. You were lucky. You are dead. Vanquished creatures: a giant beetle a yellow light a rock piercer 2 fog clouds a gray ooze a ghoul a giant ant a floating eye a kobold lord an iguana a jitterbug 3 giant bats a wererat a werejackal a gas spore a hobbit a large kobold 3 geckos 2 giant rats 2 brown molds 3 manes 3 jackals a fox 6 newts 3 goblins 2 sewer rats 2 grid bugs 6 lichens 2 kobold zombies 55 creatures vanquished. Voluntary challenges: You did not adorn yourself with jewelry or accessories. You did not cause conflict. You were not invisible. You did not have reflection. You were not displaced. You were an atheist. You used a wielded weapon 31 times, starting on turn 1275. You did not use containers. You did not apply a unicorn horn. You did not use plumbed fixtures. You did not drink any magical draughts. You were illiterate. You never genocided any monsters. You never polymorphed an object. You never changed form. You used no wishes. You never split a pudding. You never wrote Elbereth's name. You never violated your personal moral code. Dungeon overview: The Dungeons of Doom: levels 1 to 8 Level 1 a fountain a long staircase Level 2 Level 3 some fountains Level 4 a potion shop, some fountains stairs to The Gnomish Mines Level 5 a fountain Level 6 many fountains Level 7 some fountains stairs to Sokoban Level 8 The Gnomish Mines: Level 5 stairs to The Dungeons of Doom Sokoban: Level 6 <- You were here a magic chest stairs to The Dungeons of Doom History has recorded: On T:1 you entered the Dungeons of Doom to retrieve the Amulet of Yendor! On T:151 you reached level 2 of The Dungeons of Doom. On T:295 you reached level 3 of The Dungeons of Doom. On T:475 you advanced to experience level 2. On T:525 you reached level 4 of The Dungeons of Doom. On T:858 you advanced to experience level 3. On T:890 you reached level 5 of The Dungeons of Doom. On T:1032 you reached level 1 of The Gnomish Mines. On T:1123 you advanced to experience level 4. On T:1232 you reached level 6 of The Dungeons of Doom. On T:1539 you advanced to experience level 5. On T:1602 you reached level 7 of The Dungeons of Doom. On T:1892 you reached level 4 of Sokoban. On T:2040 you reached level 8 of The Dungeons of Doom. Score breakdown: Gold: 562 ( 56 points) Experience: 5 levels ( 400 points) Exploration: 8 levels ( 210 points) Discoveries: 15 items ( 750 points) Variety of kills: 29 monsters ( 1450 points) Major goal: (nothing yet) ( 0 points) Survival: died (score multiplied by 3) Total score: 8598 Latest messages: U - a chestnut. You displace kitty. With great effort you move the boulder. The ghoul scratches you! (2x) You feel more confident in your weapon skills. You slash the ghoul! You hack the ghoul. You destroy the ghoul! The boulder fills a pit. You destroy the manes! a - a +2 dart (in quiver). The dart hits the manes. The manes punches you! (2x) The manes bites! You slash the manes. (2x) You destroy the manes! (2x) With great effort you move the boulder. You kill the brown mold! a - a +2 dart (in quiver). (2x) The manes punches you! (2x) The manes bites! The manes punches you! You die... Final status: Aloha woodfighter the Tourist, killed by a manes... You died in Sokoban on dungeon level 6 with 8598 points, and 1080 pieces of gold, after 2205 moves. You were level 5 with a maximum of 36 hit points when you died.